 Dungeon Crawl Stone Soup version 0.30-a0-802-gb92711bcdf (webtiles) character file.

Game seed: 1298770791859912863

34 freelancePsychic the Insei (level 3, -8/18 HPs)
             Began as a Vine Stalker Transmuter on Feb 23, 2023.
             Mangled by Jessica
             ... wielding a +7 club
              (9 damage)
             ... on level 2 of the Dungeon.
             The game lasted 00:02:34 (1028 turns).

freelancePsychic the Insei (VSTm)                   Turns: 1028, Time: 00:02:35

Health: -8/18      AC:  2    Str: 12    XL:     3   Next: 31%
Magic:  0/7        EV: 12    Int: 13    God:
Gold:   62         SH:  0    Dex: 16    Spells: 5/6 levels left

rFire   . . .      SeeInvis .    d - +1 short sword (drain)
rCold   . . .      Faith    .    (no shield)
rNeg    . . .      Spirit   +    a - +0 robe
rPois   .          Reflect  .    (helmet currently unavailable)
rElec   .          Harm     .    (no cloak)
rCorr   .          Rampage  .    (no gloves)
Will    .....                    (boots currently unavailable)
Stlth   ++                       (no amulet)
HPRegen 0.23/turn                (no ring)
MPRegen 0.10/turn                (no ring)

@: appendages (expiring)
A: horns 2, talons 2, fangs 2, magic shield, antimagic bite, no potion heal 2
a: End Transformation


You were on level 2 of the Dungeon.
You had temporarily grown beastly horns and talons.
You visited 1 branch of the dungeon, and saw 2 of its levels.

You collected 62 gold pieces.

Inventory:

Hand Weapons
 c - a +1 dagger of freezing
 d - a +1 short sword of draining (weapon)
Armour
 a - a +0 robe (worn)
Scrolls
 f - a scroll of magic mapping
Potions
 b - a potion of lignification
 e - a potion of heal wounds {unknown}
 g - a potion of berserk rage {unknown}


   Skills:
 + Level 1.5 Fighting
 + Level 0.6 Short Blades
 - Level 1.5 Dodging
 * Level 2.8 Stealth
 - Level 3.0 Unarmed Combat
 - Level 2.1 Spellcasting
 - Level 2.0 Transmutations


You had 5 spell levels left.
You knew the following spells:

 Your Spells              Type           Power      Damage    Failure   Level
a - Beastly Appendage     Tmut           12%        N/A       11%         1

Your spell library contained the following spells:

 Spells                   Type           Power      Damage    Failure   Level
 Wereblood                Tmut           6%         N/A       17%         2
 Spider Form              Tmut/Pois      4%         N/A       45%         3
 Ice Form                 Ice/Tmut       4%         N/A       86%         4


Dungeon Overview and Level Annotations

Branches:
Dungeon (2/15)

Altars:

Annotations:
D:2 Jessica, Sigmund


Innate Abilities, Weirdness & Mutations

You have temporarily grown beastly horns and talons.
You have extremely sharp teeth.
When hurt, damage is shared between your health and your magic reserves.
Your bite disrupts and absorbs the magic of your enemies.
Potions cannot restore your health.


Message History

The goblin barely misses you.
You hit the goblin. Your bite misses the goblin.
The goblin is severely wounded.
The goblin completely misses you.
You miss the goblin.
The goblin is severely wounded.
The goblin barely misses you.
You closely miss the goblin.
The goblin is severely wounded.
The goblin hits you with a +0 club.
You aren't carrying any items that you can evoke.
Unknown command.
Casting: Beastly Appendage (safe; 11% risk of failure)
Confirm with . or Enter, or press ? or * to list all spells.
You grow a pair of large bovine horns.
Your feet morph into talons.
The goblin hits you with a +0 club.
You hit the goblin but do no damage. You drain the goblin.
You kill the goblin!
The bat hits you but does no damage.
You miss the bat. You headbutt the bat.
The bat is severely wounded.
The bat barely misses you.
You hit the bat.
You kill the bat!
Jessica gestures wildly while chanting.
Jessica blinks!
You barely miss Jessica. Your headbutt misses Jessica.
Jessica zaps a wand.
The puff of flame hits you! The rat bites you.
You closely miss Jessica.
Jessica mumbles some strange words.
Jessica seems to speed up.
The rat bites you.
You barely miss Jessica.
Your transformation is almost over.
Jessica hits you with a +7 club!
Ouch! That really hurt!
* * * LOW HITPOINT WARNING * * *
The rat bites you but does no damage. Jessica hits you with a +7 club!
Ouch! That really hurt!
You die...

###
########.#
#........#
#.######@#
#..# #@#
##.# #r#
#.# #.#
#.# #.#
#<# #.#
#.# #.#
#.# #.#
#.# #.#
..# #.#


You could see Jessica (fast) and a rat.

Vanquished Creatures
  2 dart slugs (D:1)
  An endoplasm (D:1)
  A giant cockroach (D:1)
  3 goblins
  4 hobgoblins (D:1)
  2 kobolds (D:1)
  3 quokkas (D:1)
  2 ball pythons (D:1)
  3 bats
  2 frilled lizards (D:1)
  3 rats (D:1)
26 creatures vanquished.

Notes
Turn   | Place    | Note
-------+----------+-------------------------------------------
     0 | D:1      | freelancePsychic the Vine Stalker Transmuter began the
                  | quest for the Orb.
     0 | D:1      | Reached XP level 1. HP: 9/9 MP: 4/4
    80 | D:1      | Reached skill level 1 in Fighting
   102 | D:1      | Reached skill level 1 in Stealth
   171 | D:1      | Reached XP level 2. HP: 12/14 MP: 6/6
   436 | D:1      | Reached XP level 3. HP: 14/18 MP: 5/7
   530 | D:1      | Found a faded altar of an unknown god.
   905 | D:2      | Noticed Sigmund
   989 | D:2      | Noticed Jessica
  1028 | D:2      | Mangled by Jessica

Illustrated notes

Levels and vault maps discovered:
D:1:      dpeg_arrival_rhombi, layout_loops_ring,
          hellmonk_ecumenical_altar_heavens_door
D:2:      minmay_skewed_foursquare, layout_basic, serial_shops,
          nicolae_shop_bloodbath_and_beyond, uniq_sigmund, uniq_jessica

Skill      XL: |  1  2 |
---------------+-------+-----
Fighting       | 1 |  1.5
Stealth        | 1 2 |  2.8
Short Blades   | |  0.6
Dodging        | |  1.5
Unarmed Combat | |  3.0
Spellcasting   | |  2.1
Transmutations | |  2.0

Action                     || total
---------------------------++-------
  Melee: Unarmed           ||    21
         Bite              ||    12
         Kick              ||     4
         Dagger            ||    11
         Short sword       ||    33
         Headbutt          ||     2
         Punch             ||     1
   Cast: Beastly Appendage ||     9
    Use: Scroll            ||     1
   Stab: Sleeping          ||     5
 Armour: Robe              ||    12
  Dodge: Dodged            ||    42

Table legend: (Time is in decaauts)
 A = Elapsed time spent in this place.
 B = Non-inter-level travel time spent in this place.
 C = Inter-level travel time spent in this place.
 D = Time resting spent in this place.
 E = Time spent auto-exploring this place.
 F = Levels seen in this place.
 G = Mean time per level.
                   A        B        C        D        E       F      G
               +--------+--------+--------+--------+--------+-----+--------+
         Total |   1025 |    950 |     75 |      2 |    687 |   2 |  512.5 |
       Dungeon |   1025 |    950 |     75 |      2 |    687 |   2 |  512.5 |
               +--------+--------+--------+--------+--------+-----+--------+

Top non-repeatable levels by time:
     D:1: 942 daAuts
     D:2: 83 daAuts
